 Dungeon Crawl Stone Soup version 0.29-a0-1009-g60c99734e7 (webtiles) character file.

Game seed: 9283062841080731192

841 nickcage the Tainter (level 8, -1/41 HPs)
             Began as a Tengu Venom Mage on Aug 8, 2022.
             Slain by an orc
             ... wielding a +0 mace
              (6 damage)
             ... on level 5 of the Dungeon.
             The game lasted 00:21:45 (5889 turns).

nickcage the Tainter (Tengu Venom Mage)             Turns: 5889, Time: 00:21:46

Health: -1/41      AC:  3    Str:  8    XL:     8   Next: 0%
Magic:  11/22      EV: 15    Int: 19    God:
Gold:   315        SH:  0    Dex: 20    Spells: 3/13 levels left

rFire   . . .      SeeInvis .   n - +0 long sword
rCold   . . .      Faith    .   (no shield)
rNeg    . . .      Spirit   .   o - +0 robe {Will+}
rPois   .          Reflect  .   (helmet restricted)
rElec   .          Harm     .   (no cloak)
rCorr   .          Rampage  .   f - +0 pair of gloves
Will    +....                   (boots unavailable)
Stlth   ++........              (no amulet)
HPRegen 0.13/turn               g - +6 ring of dexterity
MPRegen 0.18/turn               h - ring of magical power

@: flying quickly and evasively, quick
A: beak, talons 3, nimble flight
a: no special abilities


You were on level 5 of the Dungeon.
You visited 1 branch of the dungeon, and saw 5 of its levels.

You collected 315 gold pieces.

Inventory:

Hand Weapons
 e - a +0 dagger
 n - a +0 long sword (weapon)
 p - a +0 short sword of speed
Missiles
 c - 3 boomerangs
Armour
 a - a +0 robe
 f - a +0 pair of gloves (worn)
 o - a +0 robe of willpower (worn)
Jewellery
 g - a +6 ring of dexterity (left hand)
 h - a ring of magical power (right hand)
 t - the ring "Xoopheo" {rElec Will+ Str+6 Int-3}
   (You found it on level 5 of the Dungeon)

   [ring of strength]

   Str:       It affects your strength (+6).
   Int:       It affects your intelligence (-3).
   rElec:     It insulates you from electricity.
   Will:      It increases your willpower.
Wands
 s - a wand of flame (23)
Scrolls
 d - 3 scrolls of identify
 j - 3 scrolls of teleportation
 m - a scroll of blinking {unknown}
 r - a scroll of fear
Potions
 b - a potion of magic
 i - a potion of berserk rage
 k - 3 potions of curing
 l - a potion of resistance
 q - 3 potions of mutation


   Skills:
 - Level 2.1 Dodging
 - Level 2.0 Stealth
 - Level 3.0 Spellcasting
 - Level 1.2 Conjurations
 - Level 0.7 Transmutations
 - Level 1.3 Air Magic
 + Level 8.7 Poison Magic


You had 3 spell levels left.
You knew the following spells:

 Your Spells              Type           Power      Damage    Failure   Level
a - Sting                 Tmut/Pois      80%        1d7       2%          1
b - Poisonous Vapours     Pois/Air       42%        N/A       3%          2
c - Mephitic Cloud        Conj/Pois/Air  17%        N/A       10%         3
d - Olgreb's Toxic Radia  Pois           36%        N/A       4%          4

Your spell library contained the following spells:

 Spells                   Type           Power      Damage    Failure   Level
 Spider Form              Tmut/Pois      20%        N/A       7%          3
 Beastly Appendage        Tmut           10%        N/A       12%         1
 Foxfire                  Conj/Fire      20%        2x1d5     12%         1
 Slow                     Hex            8%         N/A       16%         1
 Wereblood                Tmut           5%         N/A       17%         2
 Conjure Flame            Conj/Fire      5%         6-21      34%         3
 Confusing Touch          Hex            2%         N/A       41%         3
 Inner Flame              Hex/Fire       2%         N/A       41%         3
 Vampiric Draining        Necr           2%         2d6       41%         3
 Flame Wave               Conj/Fire      5%         2d5       75%         4


Dungeon Overview and Level Annotations

Branches:
Dungeon (5/15)
 Temple: D:4-7

Altars:


Innate Abilities, Weirdness & Mutations

You have a beak for a mouth.
You have claws for feet.
Your magical nature lets you fly swiftly and evasively.


Message History

The sting hits the orc.
The orc looks even sicker.
You kill the orc!
The orc priest miscasts a cantrip.
The orc hits you but does no damage.
Aiming: Sting (safe; 2% risk of failure)
Press: ? - help, Q - select action, (/) - cycle Shift-Dir - straight line, f - orc
Aim: an orc, wielding a +0 mace and wearing a +0 chain mail (82% to hit)
The sting hits the orc but does no damage.
The orc is poisoned.
The orc hits you with a +0 mace.
Aiming: Sting (safe; 2% risk of failure)
Press: ? - help, Q - select action, (/) - cycle Shift-Dir - straight line, f - orc priest, p - orc
Aim: an orc priest, wielding a +0 short sword and wearing a +0 leather armour (76% to hit)
The sting hits the orc but does no damage.
The orc looks even sicker.
The orc closely misses you.
Aiming: Sting (safe; 2% risk of failure)
Press: ? - help, Q - select action, (/) - cycle Shift-Dir - straight line, f/p - orc priest
Aim: an orc priest, wielding a +0 short sword and wearing a +0 leather armour (76% to hit)
The sting hits the orc priest.
The orc priest is poisoned.
The orc priest is moderately wounded.
The orc hits you with a +0 mace.
* * * LOW HITPOINT WARNING * * *
The orc priest hits you but does no damage.
Aiming: Sting (safe; 2% risk of failure)
Press: ? - help, Q - select action, (/) - cycle Shift-Dir - straight line, f/p - orc priest
Aim: an orc priest, wielding a +0 short sword and wearing a +0 leather armour (moderately wounded, poisoned, 76% to hit)
The sting hits the orc priest.
The orc priest looks even sicker.
The orc priest is heavily wounded.
The orc priest hits you with a +0 short sword.
* * * LOW HITPOINT WARNING * * *
The orc completely misses you.
Aiming: Sting (safe; 2% risk of failure)
Press: ? - help, Q - select action, (/) - cycle Shift-Dir - straight line, f/p - orc priest
Aim: an orc priest, wielding a +0 short sword and wearing a +0 leather armour (heavily wounded, very poisoned, 76% to hit)
The sting hits the orc priest but does no damage.
The orc priest looks even sicker.
The orc priest is heavily wounded.
The orc hits you with a +0 mace.
You die...

#.#..##.#..####...#
#....#....## #...#
#.##.#...## #...#
##.##...#.# ##..#
^..##).##.###.# #.##
#........###.####
#.#
##..###...†...?.##
..#
..........#†......#
.....#...###....@o.#
.....#.## #.....o.#
.#..... #..........#
#...#
...........##.. ...
.............. .$
####.........##
#.......###
........#


You could see an orc priest (very poisoned) and an orc (very poisoned).

Vanquished Creatures
  A black bear (D:3)
  An ogre (D:4)
  A phantom (D:4)
  2 scorpions (D:4)
  A necrophage (D:5)
  2 howler monkeys (D:4)
  An orc priest (D:4)
  An iguana (D:3)
  4 orc wizards
  5 adders
  2 worms
  3 dart slugs
  27 orcs
  3 ball pythons
  5 endoplasms
  4 giant cockroaches
  16 goblins
  8 hobgoblins
  8 jackals
  6 kobolds
  3 quokkas
  3 bats
  5 frilled lizards
  3 rats
115 creatures vanquished.

Notes
Turn   | Place    | Note
-------+----------+-------------------------------------------
     0 | D:1      | nickcage the Tengu Venom Mage began the quest for the Orb.
     0 | D:1      | Reached XP level 1. HP: 10/10 MP: 4/4
   165 | D:1      | Reached XP level 2. HP: 13/15 MP: 0/6
   462 | D:1      | Learned a level 2 spell: Poisonous Vapours
  1109 | D:2      | Identified a scroll of acquirement
  1109 | D:2      | Acquired a ring of magical power
  1194 | D:2      | Reached XP level 3. HP: 13/19 MP: 7/7
  1198 | D:2      | Learned a level 3 spell: Mephitic Cloud
  2073 | D:3      | Reached skill level 1 in Air Magic
  2085 | D:3      | Reached skill level 4 in Poison Magic
  2085 | D:3      | Reached XP level 4. HP: 22/24 MP: 8/9
  2158 | D:3      | Reached skill level 1 in Conjurations
  2769 | D:3      | Gained mutation: Your magical nature lets you fly swiftly
                  | and evasively. [Tengu growth]
  2769 | D:3      | Reached XP level 5. HP: 17/28 MP: 2/10
  3117 | D:3      | Learned a level 4 spell: Olgreb's Toxic Radiance
  3146 | D:3      | Reached skill level 5 in Poison Magic
  3460 | D:3      | Noticed a black bear
  3474 | D:3      | Killed a black bear
  3475 | D:3      | Reached skill level 6 in Poison Magic
  3475 | D:3      | Reached XP level 6. HP: 20/32 MP: 10/11
  4193 | D:4      | Reached skill level 7 in Poison Magic
  4193 | D:4      | Reached XP level 7. HP: 36/36 MP: 12/12
  4844 | D:4      | Reached skill level 8 in Poison Magic
  5645 | D:5      | Entered Level 5 of the Dungeon
  5800 | D:5      | Identified the ring "Xoopheo" {rElec Will+ Str+6 Int-3}
  5881 | D:5      | Reached XP level 8. HP: 37/41 MP: 13/13
  5889 | D:5      | Slain by an orc

Illustrated notes

Levels and vault maps discovered:
D:1:      lightli_arrival_noodles, layout_loops_ring,
          chequers_serial_rivers_marsh
D:2:      layout_basic
D:3:      layout_loops_cross, st_stairs_11, minmay_goblin_outpost
D:4:      layout_loops_ring, serial_co_window_serial,
          co_window_of_opportunity_a, co_window_paths_b, co_window_paths_a,
          co_window_paths_a, co_window_cross_1, co_window_2corner,
          co_window_unsneaky_path_a, co_window_corner_cb, co_window_corner_b,
          co_window_broadway_b, co_window_of_opportunity_c, co_window_cross_3,
          co_window_sun, glass_columns_b, glass_columns_a, glass_columns_a,
          roderic_st_hans_cross
D:5:      layout_rooms

Skill      XL: |  1  2  3  4  5  6  7 |
---------------+----------------------+-----
Air Magic      | 1 |  1.3
Poison Magic   | 4 6 7 8 |  8.7
Conjurations   | 1 |  1.2
Spellcasting   | 3 |  3.0
Dodging        | |  2.1
Stealth        | |  2.0
Transmutations | |  0.7

Action                   |  1- 3 |  4- 6 |  7- 9 || total
-------------------------+-------+-------+-------++-------
Melee: Dagger            |    18 |    29 |       ||    47
       Kick              |     6 |    11 |    15 ||    32
       Peck              |     1 |     6 |    11 ||    18
       Long sword        |       |     9 |    53 ||    62
 Cast: Sting             |    51 |    61 |    60 ||   172
       Poisonous Vapours |     1 |    43 |     1 ||    45
  Use: Scroll            |     6 |     2 |     1 ||     9
       Potion            |     1 |       |       ||     1
 Stab: Sleeping          |     5 |     3 |       ||     8
Armor: Robe              |     1 |     3 |     8 ||    12
Dodge: Dodged            |    23 |    18 |    63 ||   104

Table legend: (Time is in decaauts)
 A = Elapsed time spent in this place.
 B = Non-inter-level travel time spent in this place.
 C = Inter-level travel time spent in this place.
 D = Time resting spent in this place.
 E = Time spent auto-exploring this place.
 F = Levels seen in this place.
 G = Mean time per level.
                   A        B        C        D        E       F      G
               +--------+--------+--------+--------+--------+-----+--------+
         Total |   5755 |   5612 |    143 |   1471 |   3303 |   5 | 1151.0 |
       Dungeon |   5755 |   5612 |    143 |   1471 |   3303 |   5 | 1151.0 |
               +--------+--------+--------+--------+--------+-----+--------+

Top non-repeatable levels by time:
     D:4: 1763 daAuts
     D:3: 1718 daAuts
     D:2: 1093 daAuts
     D:1: 933 daAuts
     D:5: 246 daAuts
